 Dungeon Crawl Stone Soup version 0.19-a0-1587-gaef70b6 (webtiles) character file.

94 shnurlf the Skirmisher (level 4, 0/54 HPs)
             Began as a Human Wanderer on Sept 17, 2016.
             Slain by a hobgoblin
             ... wielding a +0 trident
              (1 damage)
             ... on level 3 of the Dungeon.
             The game lasted 00:07:01 (2103 turns).

shnurlf the Skirmisher (Human Wanderer)             Turns: 2103, Time: 00:07:01

Health: 0/54       AC: 22    Str: 13    XL:     4   Next: 94%
Magic:  4/4        EV:  2    Int: 12    God:
Gold:   124        SH:  0    Dex: 13    Spells: 0 memorised, 3 levels left

rFire  . . .     SeeInvis .     a - +2 spear
rCold  . . .     Gourm    .     (armour currently unavailable)
rNeg   + + +     Faith    .     (no shield)
rPois  +         Spirit   .     (helmet currently unavailable)
rElec  .         Dismiss  .     (cloak currently unavailable)
rCorr  .         Reflect  .     (gloves currently unavailable)
MR     +....     Harm     .     (boots currently unavailable)
Stlth  ++........ NoTele   +    t - amulet of magic regeneration
                                (no ring)
                                q - ring of protection from magic

@: tree-form
A: no striking features
a: no special abilities


You were on level 3 of the Dungeon.
You were not hungry.
You were a tree.
You visited 1 branch of the dungeon, and saw 4 of its levels.

You collected 124 gold pieces.

Inventory:

Hand Weapons
 a - a +2 spear (weapon)
Armour
 j - a +0 ring mail (melded)
 z - a +0 pair of gloves (melded)
Jewellery
 l - an uncursed ring of ice
 q - a ring of protection from magic (left branch)
 t - an amulet of magic regeneration (around neck)
Wands
 y - a wand of random effects (11/48)
Scrolls
 h - a scroll of amnesia
 i - a scroll of identify
 n - a scroll of recharging
Potions
 c - a potion of curing
 g - a potion of might {unknown}
 s - a potion of resistance {unknown}
 u - a potion of degeneration {unknown}
 v - a potion of haste {unknown}
 w - a potion of berserk rage {unknown}
Comestibles
 f - 2 bread rations
 m - 3 meat rations
 o - a beef jerky
 r - 2 slices of pizza


   Skills:
 + Level 3.6 Fighting
   Level 1.0 Short Blades
 * Level 3.2 Polearms
 + Level 2.8 Dodging
 - Level 1.0 Stealth
   Level 1.0 Shields
 - Level 1.0 Evocations


You had 3 spell levels left.
You didn't know any spells.

Dungeon Overview and Level Annotations

Branches:
Dungeon (4/15)
 Temple: D:4-7

Altars:
The Shining One

Annotations:
D:3 exclusion: downstairs


Message History

Aim: a hobgoblin, wielding a trident and wearing a leather armour (heavily wounded)
You reach to attack!
You closely miss the hobgoblin.
The hobgoblin is heavily wounded.
The hobgoblin hits you from afar with a trident.
* * * LOW HITPOINT WARNING * * *
Attack whom?
Press: ? - help, Dir - move target cursor, f/p - hobgoblin
Aim: a hobgoblin, wielding a trident and wearing a leather armour (heavily wounded)
You reach to attack!
You barely miss the hobgoblin.
The hobgoblin is heavily wounded.
The hobgoblin hits you from afar with a trident.
* * * LOW HITPOINT WARNING * * *
The jackal bites you.
* * * LOW HITPOINT WARNING * * *
You turn into a tree.
Your +0 pair of gloves melds into your body.
Your +0 ring mail melds into your body.
Your roots penetrate the ground.
The jackal bites you but does no damage.
The hobgoblin hits you from afar with a trident.
You die...

******* *********** *,,,,,,
**,,,,,,,,,*************,,,,,,
*,,,,,,,,,,+,,,,,,,,,,,+,,,,,,
*,,,,,,,,,,*#######*****,,,,,,
*,,,,,,,,,,*#♣....# *,,,,,,
*,,,,,,,,,,*#hh...# *,,,,,,
*,,,,,,,,,,*#g.[..# *,,,,,,
*,,,,,,,,,,*#.....# *,,,,,,
#.#*********#.....# *,,,,,,
#.# #.....# *****,, #.#
***#.....# *,, #.#
*,.......#******* *,,
#.#**###*#.##......,,,,,,* *,,


You could see 2 jackals and a hobgoblin.

Vanquished Creatures
  4 adders (D:2)
  A worm (D:3)
  2 dart slugs (D:1)
  An orc (D:3)
  A ball python (D:2)
  4 bats
  5 giant cockroaches
  7 goblins
  5 hobgoblins
  4 jackals (D:3)
  3 kobolds (D:1)
  2 frilled lizards
  9 rats
48 creatures vanquished.

Notes
Turn   | Place    | Note
-------+----------+-------------------------------------------
     0 | D:1      | shnurlf the Human Wanderer began the quest for the Orb.
     0 | D:1      | shnurlf set off with: a +2 spear, a potion of lignification, a potion of curing, a +0 robe, a bread ration
     0 | D:1      | Reached XP level 1. HP: 18/18 MP: 1/1
   126 | D:2      | Reached XP level 2. HP: 24/24 MP: 2/2
   472 | D:1      | Reached XP level 3. HP: 23/29 MP: 3/3
  1176 | D:2      | Reached XP level 4. HP: 31/35 MP: 4/4
  1340 | D:2      | Found a glowing golden altar of the Shining One.
  1890 | D:4      | Noticed an ogre
  2046 | D:3      | Noticed a hippogriff
  2102 | D:3      | HP: 1/36 [jackal (2)]
  2103 | D:3      | Slain by a hobgoblin

Vault maps used:
D:1:      dpeg_arrival_short_road, hangedman_decor_riveting
D:2:      tso_oasis_becter
D:3:      lemuel_round_altar, minitemple, uniq_crazy_yiuf_cottage
D:4:      kennysheep_mini_moat, marbit_many_paths, first_bread, hex_medium,
          minmay_rat_hole

Skill      XL: |  1  2  3  4 |
---------------+-------------+-----
Polearms       | 2 3 |  3.2
Fighting       | |  3.6
Short Blades   | |  1.0
Dodging        | |  2.8
Stealth        | |  1.0
Shields        | |  1.0
Evocations     | |  1.0

Action                   |  1- 3 |  4- 6 || total
-------------------------+-------+-------++-------
Melee: Spear             |    78 |    79 ||   157
Evoke: Wand              |       |     4 ||     4
  Use: Scroll            |       |     5 ||     5
       Potion            |       |     1 ||     1
 Stab: Sleeping          |     2 |       ||     2
  Eat: Chunk             |     1 |     3 ||     4
Armor: Ring mail         |    10 |    32 ||    42
       Skin              |       |     1 ||     1
Dodge: Dodged            |    27 |    36 ||    63
